 Dungeon Crawl Stone Soup version 0.28-a0-1395-g4f6bc678fa (webtiles) character file.

Game seed: 4779985512576440999

1411 Deminshera the Skirmisher (level 8, -5/58 HPs)
             Began as a Demonspawn Wanderer on Jan 4, 2022.
             Was a Priest of Hepliaklqana.
             Killed from afar by Dowan (8 damage)
             ... with a stone arrow
             ... in the Ecumenical Temple.
             The game lasted 00:12:15 (6997 turns).

Deminshera the Skirmisher (Demonspawn Wanderer)     Turns: 6997, Time: 00:12:16

Health: -5/58      AC: 15    Str: 12    XL:     8   Next: 43%
Magic:  0/11       EV: 12    Int: 12    God:    Hepliaklqana [***...]
Gold:   199        SH:  6    Dex: 17    Spells: 8/9 levels left

rFire   . . .      SeeInvis .   m - +4 short sword
rCold   . . .      Faith    .   c - +1 buckler
rNeg    + . .      Spirit   +   j - +3 ring mail {rN+}
rPois   .          Reflect  .   k - +0 helmet
rElec   .          Harm     .   (no cloak)
rCorr   .          Rampage  .   (no gloves)
Will    .....                   (no boots)
Stlth   ++........              (no amulet)
HPRegen 0.19/turn               (no ring)
MPRegen 0.24/turn               (no ring)

@: sanguine armoured
A: reduced essence, foul stench 1, magic shield, magic regeneration, sanguine
armour 1, demonic touch 1
a: Renounce Religion, Recall Ancestor, Ancestor Identity, Transference


You were in the Ecumenical Temple.
You worshipped Hepliaklqana.
Hepliaklqana was most pleased with you.
You visited 2 branches of the dungeon, and saw 6 of its levels.

You collected 199 gold pieces.

Inventory:

Hand Weapons
 m - a +4 short sword (weapon)
Missiles
 e - 9 poisoned darts (quivered)
Armour
 a - a scarf of harm
 c - a +1 buckler (worn)
 j - a +3 ring mail of positive energy (worn)
 k - a +0 helmet (worn)
Scrolls
 b - a scroll of identify
 d - a scroll of fog {unknown}
 i - a scroll of amnesia
 n - a scroll of enchant weapon {unknown}
Potions
 f - a potion of lignification
 h - a potion of mutation {unknown}
 l - a potion of ambrosia {unknown}
 o - a potion of degeneration {unknown}


   Skills:
 + Level 6.3 Fighting
 - Level 4.0 Short Blades
 - Level 1.0 Armour
 - Level 3.6 Dodging
 + Level 3.7 Stealth
 - Level 4.0 Shields
 - Level 1.0 Spellcasting
 - Level 1.0 Transmutations
 + Level 4.8 Invocations


You had 8 spell levels left.
You knew the following spells:

 Your Spells              Type           Power      Damage    Failure   Level
a - Sting                 Tmut/Pois      4%         1d3       50%         1

Your spell library contained the following spells:

 Spells                   Type           Power      Damage    Failure   Level
 Summon Small Mammal      Summ           0%         N/A       56%         1
 Static Discharge         Conj/Air       0%         N/A       71%         2
 Ignite Poison            Fire/Tmut/Pois 1%         N/A       88%         3
 Call Canine Familiar     Summ           0%         N/A       90%         3
 Summon Guardian Golem    Hex/Summ       0%         N/A       90%         3
 Dispel Undead            Necr           0%         3d6       100%        4
 Sticky Flame             Conj/Fire      0%         2d3       100%        4


Dungeon Overview and Level Annotations

Branches:
Dungeon (5/15)             Temple (1/1) D:5

Altars:
Dithmenos
Fedhas
Hepliaklqana
Kikubaaqudgha
Nemelex Xobeh
Okawaru
Qazlal
Ru
Vehumet
Xom
Zin
The Shining One

Shops:
D:4 =

Annotations:
Temple Dowan


Innate Abilities, Weirdness & Mutations

Your life essence is reduced to manifest your ancestor. (-10% HP)
You may rarely emit foul miasma when damaged in melee.
When hurt, damage is shared between your health and your magic reserves.
You regenerate magic rapidly.
When seriously injured, your blood forms armour. (AC +6)
Your touch may inflict minor irresistible damage on your foes.


Message History

Dowan hits you but does no damage.
You hit Dowan.
Dowan is lightly wounded.
Dowan hits you but does no damage. x2
You barely miss Dowan.
Dowan is moderately wounded.
You feel less wooden.
Your +0 helmet unmelds from your body.
Your +3 ring mail of positive energy unmelds from your body.
You feel more protected from negative energy.
Your blood congeals into armour.
Dowan hits you but does no damage.
You closely miss Dowan.
Dowan is moderately wounded.
Dowan hits you but does no damage.
You hit Dowan.
Dowan is moderately wounded.
Dowan casts a spell at you. You block the shard of ice.
Dowan hits you but does no damage.
You closely miss Dowan.
Dowan is moderately wounded.
Dowan looks more healthy.
Dowan points at you and mumbles some strange words.
The stone arrow hits you!
* * * LOW HITPOINT WARNING * * *
You hit Dowan.
Dowan is severely wounded.
Dowan closely misses you.
You hit Dowan.
Dowan is severely wounded.
Tiberia emerges from the mists of memory!
Dowan casts a spell at you. The shard of ice hits you!
* * * LOW HITPOINT WARNING * * *
Dowan hits you with a +0 dagger.
* * * LOW HITPOINT WARNING * * *
You hit Dowan.
Dowan is severely wounded.
Dowan gestures at you while chanting. The stone arrow hits you!
You die...

_. ####. ._ ..#
...# #.. #.# ._.#
#.# #.# ... #.#
#.##.##.#
#####.#.#.# .
#####...##...##...#
......_.eR.<.(.(_..
####..@##ยง..##...#
#.####.#.#.# # ..
#.##.##.# . #.# ...
#.# #.# ._.# #.#
..# ...# #.. _.
.#### ._


You could see the friendly Tiberia the hexer and Dowan (fast, ally target).

Vanquished Creatures
  Grinder (Temple)
  Duvessa (Temple)
  A necrophage (D:4)
  An ogre (D:5)
  A phantom (D:5)
  A bullfrog (D:3)
  2 scorpions
  A gnoll shaman (D:3)
  A hound (D:4)
  3 iguanas
  An orc wizard (D:3)
  A hound skeleton (D:4)
  6 gnolls
  6 adders
  A white imp (D:5)
  4 dart slugs
  12 orcs
  7 endoplasms
  4 giant cockroaches
  5 hobgoblins
  10 jackals
  2 quokkas
  7 ball pythons
  6 bats
  3 frilled lizards
  6 goblins
  7 kobolds
  3 rats (D:1)
104 creatures vanquished.

Vanquished Creatures (collateral kills)
  Edmund (D:4)
  A phantom (D:5)
  An iguana (D:5)
  An orc wizard (D:4)
  A gnoll (D:1)
  An adder (D:4)
  6 orcs
  2 endoplasms
  A giant cockroach (D:3)
  3 jackals
  2 ball pythons (D:1)
  2 frilled lizards
  A goblin (D:3)
  A kobold (D:4)
  A rat (D:3)
25 creatures vanquished.

Vanquished Creatures (others)
  3 hexers
  5 ancestors
8 creatures vanquished.

Grand Total: 137 creatures vanquished

Notes
Turn   | Place    | Note
-------+----------+-------------------------------------------
     0 | D:1      | Deminshera the Demonspawn Wanderer began the quest for the
                  | Orb.
     0 | D:1      | Deminshera set off with the following items: a +0 dagger, 2
                  | throwing nets, a +0 buckler, a +0 leather armour; and the
                  | following spell memorised: Sting; and the following spells
                  | available to memorise: Ignite Poison
     0 | D:1      | Reached XP level 1. HP: 16/16 MP: 2/2
   139 | D:1      | Found a faded altar of an unknown god.
   171 | D:1      | Gained mutation: You regenerate magic rapidly. [demonic
                  | ancestry]
   171 | D:1      | Reached XP level 2. HP: 3/23 MP: 3/3
   473 | D:1      | Prayed at the altar of an unknown god.
   473 | D:1      | Became a worshipper of Hepliaklqana the Forgotten
   473 | D:1      | Reached * piety under Hepliaklqana
   509 | D:1      | HP: 1/20 [jackal (3)]
  1426 | D:1      | Gained mutation: When hurt, damage is shared between your
                  | health and your magic reserves. [demonic ancestry]
  1426 | D:1      | Reached XP level 3. HP: 23/25 MP: 4/4
  1772 | D:2      | Reached skill level 3 in Fighting
  2450 | D:2      | Gained mutation: You may rarely emit foul miasma when
                  | damaged in melee. [demonic ancestry]
  2450 | D:2      | Reached XP level 4. HP: 25/31 MP: 2/5
  3155 | D:3      | Found a shadowy altar of Dithmenos.
  3202 | D:3      | Gained mutation: When seriously injured, your blood forms
                  | armour. (AC +6) [demonic ancestry]
  3202 | D:3      | Reached XP level 5. HP: 23/37 MP: 6/6
  3313 | D:3      | Reached ** piety under Hepliaklqana
  3314 | D:3      | Remembered your ancestor Tiberia as a hexer
  3318 | D:3      | Reached skill level 4 in Fighting
  3505 | D:3      | HP: 1/37 [poisoned by an orc]
  4572 | D:4      | Gained mutation: Your touch may inflict minor irresistible
                  | damage on your foes. [demonic ancestry]
  4572 | D:4      | Reached XP level 6. HP: 44/44 MP: 7/7
  4663 | D:4      | Found Rausael's Jewellery Shop.
  4718 | D:4      | Reached skill level 5 in Fighting
  4718 | D:4      | Reached skill level 1 in Short Blades
  5092 | D:4      | Noticed Edmund
  5142 | D:4      | Killed Edmund
  5143 | D:4      | Reached XP level 7. HP: 29/50 MP: 6/8
  5370 | D:4      | Reached *** piety under Hepliaklqana
  5457 | D:4      | Reached skill level 1 in Stealth
  5457 | D:4      | Reached skill level 1 in Invocations
  5643 | D:4      | Identified the +1 leather armour of Context {Contam rPois
                  | rN+++ Stlth+}
  6536 | D:5      | Entered Level 5 of the Dungeon
  6752 | D:5      | Reached XP level 8. HP: 57/57 MP: 10/10
  6881 | D:5      | Found a stormy altar of Qazlal.
  6886 | D:5      | Found a sacrificial altar of Ru.
  6923 | D:5      | Noticed Grinder
  6924 | D:5      | Found a staircase to the Ecumenical Temple.
  6924 | D:5      | Noticed Duvessa
  6927 | D:5      | Noticed Dowan
  6939 | Temple   | Entered the Ecumenical Temple
  6954 | Temple   | Killed Grinder
  6955 | Temple   | Reached skill level 6 in Fighting
  6983 | Temple   | Killed Duvessa
  6997 | Temple   | Killed from afar by Dowan

Illustrated notes

Levels and vault maps discovered:
D:1:      dpeg_arrival_arbitrary_a, layout_basic,
          hellmonk_ecumenical_altar_dog_temple, st_stairs_1
D:2:      layout_loops_cross
D:3:      layout_loops_cross, nicolae_dithmenos_through_a_glass_darkly,
          portal_sewer_entry_d
D:4:      layout_loops_ring, enter_ossuary_5, minmay_shop_enchanted_jewellery,
          grunt_ministairs_11, st_stairs_6, minmay_crystal_room,
          nicolae_concentric_dashed_squares_wild, chequers_decorated_corner,
          uniq_edmund
D:5:      layout_loops_corners, grunt_temple_overflow_open,
          minmay_temple_entry_slanted, ebering_ghost_inner_flame,
          hangedman_decor_slide_cut, hangedman_abyss_or_decor_stabs,
          uniq_menkaure, uniq_duvessa, uniq_grinder
Temple:   eino_narrow_crystal_temple

Skill      XL: |  1  2  3  4  5  6  7  8 |
---------------+-------------------------+-----
Shields        | 2 3 4 |  4.0
Fighting       | 3 4 5 6 |  6.3
Short Blades   | 3 4 |  4.0
Stealth        | 2 3 |  3.7
Invocations    | 3 4 |  4.8
Armour         | |  1.0
Dodging        | |  3.6
Spellcasting   | |  1.0
Transmutations | |  1.0

Action                   |  1- 3 |  4- 6 |  7- 9 || total
-------------------------+-------+-------+-------++-------
Melee: Short sword       |    68 |    95 |   176 ||   339
       Dagger            |    62 |   103 |       ||   165
Throw: Throwing net      |     1 |     1 |       ||     2
       Dart              |       |       |     4 ||     4
Invok: Recall Ancestor   |       |     1 |     1 ||     2
       Ancestor Life: He |       |     1 |       ||     1
       Transference      |       |       |     1 ||     1
  Use: Potion            |     3 |       |     2 ||     5
       Scroll            |     2 |     2 |       ||     4
 Stab: Sleeping          |     2 |       |     4 ||     6
       Distracted        |       |     1 |       ||     1
       Confused          |       |       |     2 ||     2
Armor: Leather armour    |    29 |     1 |       ||    30
       Skin              |     6 |       |    17 ||    23
       Ring mail         |       |    52 |    42 ||    94
Dodge: Dodged            |    93 |   100 |    48 ||   241
Block: Buckler           |    39 |    44 |    45 ||   128

Table legend: (Time is in decaauts)
 A = Elapsed time spent in this place.
 B = Non-inter-level travel time spent in this place.
 C = Inter-level travel time spent in this place.
 D = Time resting spent in this place.
 E = Time spent auto-exploring this place.
 F = Levels seen in this place.
 G = Mean time per level.
                   A        B        C        D        E       F      G
               +--------+--------+--------+--------+--------+-----+--------+
         Total |   7012 |   6760 |    252 |   2148 |   2927 |   6 | 1168.7 |
       Dungeon |   6958 |   6706 |    252 |   2148 |   2927 |   5 | 1391.6 |
        Temple |     53 |     53 |      0 |      0 |      0 |   1 |   53.0 |
               +--------+--------+--------+--------+--------+-----+--------+

Top non-repeatable levels by time:
     D:1: 2614 daAuts
     D:3: 1655 daAuts
     D:4: 1217 daAuts
     D:2: 1075 daAuts
     D:5: 396 daAuts
  Temple: 53 daAuts
